 Dungeon Crawl Stone Soup version 0.30.0-17-ge0270778cf (webtiles) character file.

Game seed: 13597709174164258917

1905 browni3141 the Fighter (level 9, -5/101 HPs)
             Began as an Ogre Warper on May 22, 2023.
             Was an Initiate of Okawaru.
             Slain by an ice beast (10 damage)
             ... on level 6 of the Dungeon.
             The game lasted 00:14:58 (10503 turns).

browni3141 the Fighter (Ogre Warper)               Turns: 10503, Time: 00:14:59

Health: -5/101     AC:  3    Str: 21    XL:     9   Next: 16%
Magic:  12/18      EV:  9    Int: 14    God:    Okawaru [......]
Gold:   412        SH:  0    Dex:  8    Spells: 6/20 levels left

rFire   . . .        Q - +1 flail
rCold   . . .        (no shield)
rNeg    . . .        b - +0 robe
rPois   .            (helmet restricted)
rElec   .            (no cloak)
rCorr   .            (gloves unavailable)
SInv    .            (boots unavailable)
Will    .....        (no amulet)
Stlth   +            (no ring)
HPRegen 0.36/turn    (no ring)
MPRegen 0.16/turn

%: no passive effects
@: very slightly contaminated
A: large, unfitting armour, tough skin 1
a: Renounce Religion


You were on level 6 of the Dungeon.
You worshipped Okawaru.
Okawaru was noncommittal.
You visited 2 branches of the dungeon, and saw 8 of its levels.

You collected 484 gold pieces.
You spent 72 gold pieces at shops.

Inventory:

Hand Weapons
 a - a +0 mace
 Q - a +1 flail (weapon)
Missiles
 J - 6 poisoned darts
 S - 6 boomerangs (quivered)
 T - 7 boomerangs of dispersal
Armour
 b - a +0 robe (worn)
Wands
 K - a wand of mindburst (7)
Scrolls
 c - 2 scrolls of blinking
 D - a scroll of fear {unknown}
 F - a scroll of enchant armour {unknown}
 G - a scroll of brand weapon {unknown}
 H - a scroll of amnesia {unknown}
 L - a scroll of poison {unknown}
 N - a scroll of immolation
 O - a scroll of enchant weapon
 P - 2 scrolls of noise
 R - a scroll of magic mapping {unknown}
 U - a scroll of butterflies {unknown}
 Z - 4 scrolls of teleportation
Potions
 m - 2 potions of magic
 C - 4 potions of curing
 E - a potion of resistance
 M - a potion of might
 V - 2 potions of mutation
 W - a potion of degeneration
 X - a potion of brilliance
 Y - 2 potions of flight {unknown}


   Skills:
 * Level 9.7 Fighting
 + Level 4.7 Maces & Flails
 - Level 1.0 Throwing
 - Level 2.1 Dodging
 - Level 6.0 Spellcasting
 - Level 4.0 Translocations
 + Level 4.1 Invocations
 - Level 2.0 Evocations


You had 6 spell levels left.
You knew the following spells:

 Your Spells              Type           Power      Damage    Failure   Level
a - Vhi's Electric Charg  Tloc/Air       18%        N/A       21%         3
b - Manifold Assault      Tloc           15%        N/A       30%         4
l - Lesser Beckoning      Tloc           30%        N/A       4%          2
t - Teleport Other        Tloc           15%        N/A       9%          3
B - Blink                 Tloc           30%        N/A       4%          2

Your spell library contained the following spells:

 Spells                   Type           Power      Damage    Failure   Level
 Freeze                   Ice            16%        1d4       16%         1
 Necrotise                Necr           16%        1d4       16%         1
 Frozen Ramparts          Ice            8%         1d2       43%         3
 Hailstorm                Conj/Ice       4%         3d4       43%         3
 Vampiric Draining        Necr           4%         2d6       43%         3
 Agony                    Necr           4%         N/A       99%         5


Dungeon Overview and Level Annotations

Branches:
Dungeon (7/15)             Temple (1/1) D:4

Altars:
Ashenzari
Cheibriados
Dithmenos
Elyvilon
Gozag
Hepliaklqana
Kikubaaqudgha
Makhleb
Nemelex Xobeh
Okawaru
Qazlal
Sif Muna
Trog
Uskayaw
Vehumet
Wu Jian
Xom
Zin
The Shining One

Shops:
D:1 =*:

Annotations:
D:6 1 runed translucent door, Crazy Yiuf, Edmund


Innate Abilities, Weirdness & Mutations

You are too large for most types of armour.
You have tough skin. (AC +1)


Message History

The orc warrior attacks as you move away!
The orc warrior hits you with a +0 flail!
The orc wizard mumbles some strange words.
The orc wizard flickers and vanishes!
Deactivating autopickup; reactivate with Ctrl-A.
You hear a shout!
You hear a croak.
Okay, then.
Okay, then.
Casting: Teleport Other (mildly dangerous; 9% risk of failure)
Confirm with . or Enter, or press ? or * to list all spells.
Aiming: Teleport Other (mildly dangerous; 9% risk of failure)
Press: ? - help, Shift-Dir - straight line, f - orc warrior
Aim: an orc warrior, wielding a +0 flail and wearing a +0 chain mail (chance to affect: 54%)
The orc warrior looks slightly unstable.
The orc warrior hits you with a +0 flail!
The orc warrior attacks as you move away!
The orc warrior hits you with a +0 flail!
You see here 5 stones.
You are too injured to fight recklessly!
You barely miss the orc warrior.
The orc warrior disappears!
You hear some strange, mumbled words.
Something tries to affect you, but you resist.
An orc comes into view. It is wielding a +0 hand axe.
The orc shouts!
You are confused.
Things that are here:
a howler monkey corpse; a howler monkey corpse You bump into the rock wall.
You bump into the rock wall.
You bump into the rock wall.
The orc hits you with a +0 hand axe.
You're too confused to move!
The orc closely misses you.
You hear some strange, mumbled words.
A magic dart appears from out of thin air!
The magic dart hits you.
You closely miss something.
You feel less confused. The orc hits you with a +0 hand axe.
Something hits you.
You sock the orc!
You kill the orc!
Okawaru accepts your kill.
Something hits you but does no damage. x2
Something hits you.
* * * LOW HITPOINT WARNING * * *
You see here a +0 hand axe.
You miss something. Something hits you.
* * * LOW HITPOINT WARNING * * *
You closely miss something. Something hits you!
* * * LOW HITPOINT WARNING * * *
You miss something. Something hits you!
* * * LOW HITPOINT WARNING * * *
You barely miss something. Something hits you.
* * * LOW HITPOINT WARNING * * *
You closely miss something. Something hits you!
* * * LOW HITPOINT WARNING * * *
A magic dart appears from out of thin air!
The magic dart hits you.
* * * LOW HITPOINT WARNING * * *
A puff of flame appears from out of thin air!
The puff of flame hits you!
* * * LOW HITPOINT WARNING * * *
An orc wizard appears from thin air!
Reactivating autopickup.
The ice beast barely misses you.
There is a stone staircase leading up here.
The ice beast completely misses you.
The orc wizard points at you and mumbles some strange words.
You easily resist.
You climb upwards.
Level annotation: 1 runed translucent door, Crazy Yiuf, Edmund
There is a stone staircase leading down here.
Casting: Teleport Other (mildly dangerous; 9% risk of failure)
Confirm with . or Enter, or press ? or * to list all spells.
You blink.
The ice beast attacks as you move away! The ice beast closely misses you.
The ice beast attacks as you move away! The ice beast barely misses you.
You feel stable enough to blink again.
Casting: Blink (safe; 4% risk of failure)
Confirm with . or Enter, or press ? or * to list all spells.
You blink.
The ice beast hits you but does no damage.
You feel stable enough to blink again.
Casting: Blink (safe; 4% risk of failure)
Confirm with . or Enter, or press ? or * to list all spells.
You miscast Blink.
You are very lightly contaminated with residual magic.
Nothing appears to happen.
The ice beast hits you but does no damage.
Casting: Blink (safe; 4% risk of failure)
Confirm with . or Enter, or press ? or * to list all spells.
You blink.
You feel stable enough to blink again. The ice beast hits you.
* * * LOW HITPOINT WARNING * * *
The ice beast freezes you!
* * * LOW HITPOINT WARNING * * *
The ice beast attacks as you move away! The ice beast hits you.
* * * LOW HITPOINT WARNING * * *
The ice beast freezes you!
You die...

#..####.## ####...#.#
##..#....####.....####
##...............###
#......###......##
......## ##......#
.......####......####
#.####.##...#.....#>#
....##.##.####.Y...##
.....#.#..# ##.@.##
.....#...## #..##
)_.....### ##.#
.....#.# #.#####
.....#.# ####.....#
....##.######...^...##
#.####..#.........###
...............##.#
#..####.....#####.##


You could see an ice beast.

Vanquished Creatures
  Grinder (D:5)
  Eustachio (D:5)
  A water moccasin (D:5)
  3 black bears
  An ogre (D:6)
  2 phantoms (D:6)
  A gnoll sergeant (D:6)
  A scorpion (D:4)
  4 killer bees (D:6)
  2 howler monkeys (D:7)
  3 jellies
  4 orc priests
  3 hounds
  3 orc wizards
  4 adders
  3 gnolls (D:6)
  2 shadow imps
  2 white imps (D:6)
  5 worms
  2 dart slugs
  17 orcs
  5 endoplasms
  4 giant cockroaches
  5 goblins
  8 hobgoblins
  4 jackals (D:3)
  8 quokkas
  5 ball pythons
  5 bats
  9 frilled lizards
  6 kobolds
  7 rats
131 creatures vanquished.

Notes
Turn   | Place    | Note
-------+----------+-------------------------------------------
     0 | D:1      | browni3141 the Ogre Warper began the quest for the Orb.
     0 | D:1      | Reached XP level 1. HP: 22/22 MP: 3/3
    40 | D:1      | Reached skill level 3 in Fighting
   110 | D:1      | Reached XP level 2. HP: 21/31 MP: 5/5
   181 | D:1      | Found Lyjaeguipist's Assorted Antiques.
   501 | D:1      | Found Qifenwam's Book Shop.
   524 | D:1      | Reached skill level 4 in Fighting
   587 | D:1      | Reached XP level 3. HP: 33/39 MP: 6/6
   838 | D:1      | Found Fobonuz's Jewellery Boutique.
   891 | D:1      | Bought a sapphire potion for 17 gold pieces
   891 | D:1      | Bought a scroll labelled FUOROUMU XOES for 19 gold pieces
   891 | D:1      | Bought a sapphire potion for 17 gold pieces
  1019 | D:2      | Learned a level 2 spell: Blink
  1023 | D:2      | Learned a level 3 spell: Teleport Other
  1331 | D:1      | Bought a scroll labelled XECOLI KIOSEHITZ for 19 gold
                  | pieces
  1658 | D:2      | Reached XP level 4. HP: 35/49 MP: 6/8
  1908 | D:2      | Found a shimmering altar of Xom.
  1988 | D:3      | Reached skill level 3 in Spellcasting
  2281 | D:2      | Reached skill level 5 in Fighting
  2436 | D:3      | Reached XP level 5. HP: 26/57 MP: 9/9
  2566 | D:3      | Reached skill level 3 in Translocations
  2720 | D:3      | Learned a level 2 spell: Lesser Beckoning
  2724 | D:3      | Learned a level 3 spell: Vhi's Electric Charge
  2876 | D:3      | Identified the +1 falchion of Megalomania {freeze, rElec
                  | Dex+3}
  3191 | D:3      | Found an iron altar of Okawaru.
  3198 | D:3      | Became a worshipper of Warmaster Okawaru
  3230 | D:4      | Found a staircase to the Ecumenical Temple.
  3251 | D:4      | Reached XP level 6. HP: 35/67 MP: 8/11
  4148 | D:4      | Reached skill level 6 in Fighting
  4301 | D:4      | Reached skill level 3 in Maces & Flails
  4680 | D:5      | Entered Level 5 of the Dungeon
  4691 | D:5      | Noticed a water moccasin
  4695 | D:5      | Killed a water moccasin
  4789 | D:5      | Noticed Grinder
  4793 | D:5      | Killed Grinder
  4793 | D:5      | Reached * piety under Okawaru
  4794 | D:5      | Reached XP level 7. HP: 76/76 MP: 12/14
  4811 | D:5      | Found a broken altar of Ashenzari.
  4811 | D:5      | Found a hide-covered altar of Uskayaw.
  4811 | D:5      | Found a bloodstained altar of Trog.
  4859 | D:5      | Noticed Eustachio
  4884 | D:5      | Killed Eustachio
  4885 | D:5      | Reached skill level 7 in Fighting
  5404 | D:5      | Reached XP level 8. HP: 65/87 MP: 13/16
  6008 | D:5      | Found a sparkling altar of Nemelex Xobeh.
  6552 | D:4      | Found a staircase to the Ecumenical Temple.
  7285 | D:3      | Found an iron altar of Okawaru.
  7318 | Temple   | Entered the Ecumenical Temple
  7555 | D:6      | Learned a level 4 spell: Manifold Assault
  7722 | D:6      | Reached skill level 6 in Spellcasting
  7890 | D:6      | Reached skill level 8 in Fighting
  7995 | D:6      | Noticed Edmund
  8155 | D:6      | Reached skill level 3 in Invocations
  8637 | D:6      | Reached skill level 9 in Fighting
  8974 | D:6      | Reached XP level 9. HP: 71/98 MP: 18/18
  9171 | D:6      | Found a burning altar of Makhleb.
  9248 | D:6      | Found a runed translucent door.
  9249 | D:6      | Noticed Crazy Yiuf
  9630 | D:6      | Found an ancient bone altar of Kikubaaqudgha.
 10503 | D:6      | HP: 5/101 [ice beast (4)]
 10503 | D:6      | Slain by an ice beast

Illustrated notes

Levels and vault maps discovered:
D:1:      dpeg_arrival_tiny_c, layout_loops_ring, serial_shops, shop, shop,
          nicolae_shop_tiny_glass, kennysheep_small_spiral
D:2:      layout_basic, basic_altar
D:3:      layout_rooms, lemuel_round_altar
D:4:      layout_loops_corners, minmay_temple_entry_wispy,
          hangedman_abyss_or_decor_stabs
D:5:      layout_basic, mainiacjoe_overflow_alcove_4, minitemple,
          serial_aquarium, aquarium_bridge_square [aquarium_subvault_wall,
          aquarium_subvault_bridge, aquarium_subvault_bridge,
          aquarium_subvault_wall], aquarium_bridge_square
          [aquarium_subvault_window, aquarium_subvault_bridge,
          aquarium_subvault_wall, aquarium_subvault_bridge],
          aquarium_window_fake, aquarium_window_fake, aquarium_window_3,
          aquarium_window_fake, aquarium_view_2e, aquarium_balcony_3b,
          minivault_26, uniq_grinder, uniq_eustachio
D:6:      layout_layer_cave, old_standard_altar, makhleb_heckhound_becter,
          grunt_ministairs_1, uniq_edmund, uniq_crazy_yiuf_cottage
D:7:      layout_rooms, kennysheep_generic_room_16
Temple:   nicolae_temple_bog_church

Skill      XL: |  1  2  3  4  5  6  7  8  9 |
---------------+----------------------------+-----
Fighting       | 3 4 5 6 7 9 |  9.7
Maces & Flails | 2 3 4 |  4.7
Spellcasting   | 3 4 5 6 |  6.0
Translocations | 3 4 |  4.0
Evocations     | 1 2 |  2.0
Invocations    | 1 3 4 |  4.1
Throwing       | |  1.0
Dodging        | |  2.1

Action                     |  1- 3 |  4- 6 |  7- 9 || total
---------------------------+-------+-------+-------++-------
  Melee: Mace              |   175 |   123 |       ||   298
         Punch             |     4 |       |     2 ||     6
         Flail             |       |    62 |   191 ||   253
  Throw: Dart              |     4 |    24 |    36 ||    64
         Boomerang         |       |       |    19 ||    19
   Cast: Teleport Other    |     4 |       |     6 ||    10
         Blink             |       |     2 |     5 ||     7
         Manifold Assault  |       |       |    13 ||    13
 Invoke: Heroism           |       |       |     7 ||     7
  Evoke: Wand              |       |     7 |     5 ||    12
    Use: Scroll            |     2 |       |     9 ||    11
   Stab: Sleeping          |     1 |     1 |       ||     2
         Distracted        |       |     1 |       ||     1
 Armour: Robe              |    79 |    72 |    62 ||   213
  Dodge: Dodged            |   114 |   102 |   134 ||   350
